3L
MONTANA PANDAS @ PORTLAND EVERGREENS
07/28/2028
 
TOP OF THE 1ST
Montana Pandas batting - Pitching for Portland Evergreens : RHP Leroy Picot
Pitching: RHP Leroy Picot
Batting: RHB Arturo Mateo 0-0: Called Strike
0-1: Ball
1-1: Ground out 6-3 (Groundball, 6)
Batting: RHB He-ping Zhong 0-0: Ball
1-0: Fly out, F6 (Line Drive, 6)
Batting: SHB Jake Richardson 0-0: Ball
1-0: Called Strike
1-1: Ball
2-1: Foul Ball, location: 2F
2-2: Foul Ball, location: 2F
2-2: Strikes out swinging
Top of the 1st over - 0 run(s), 0 hit(s), 0 error(s), 0 left on base; Montana 0 - Portland 0
BOTTOM OF THE 1ST
Portland Evergreens batting - Pitching for Montana Pandas : RHP Tyler Carter
Pitching: RHP Tyler Carter
Batting: RHB Silvio Bonauiti 0-0: Ball
1-0: Ball
2-0: Fly out, F9 (Flyball, 89M)
Batting: LHB Clay Rush 0-0: Ball
1-0: Foul Ball, location: 2F
1-1: Foul Ball, location: 2F
1-2: Foul Ball, location: 2F
1-2: Foul Ball, location: 2F
1-2: Foul Ball, location: 2F
1-2: Ball
2-2: Ball
3-2: Ground out 4-3 (Groundball, 4)
Batting: LHB Chris Payling 0-0: Ball
1-0: Ground out 6-3 (Groundball, 6M)
Bottom of the 1st over - 0 run(s), 0 hit(s), 0 error(s), 0 left on base; Montana 0 - Portland 0
TOP OF THE 2ND
Montana Pandas batting - Pitching for Portland Evergreens : RHP Leroy Picot
Batting: RHB Pancho Salaedo 0-0: Called Strike
0-1: Foul Ball, location: 2F
0-2: Ball
1-2: Strikes out swinging
Batting: RHB Jesús Vásquez 0-0: Called Strike
0-1: Ball
1-1: Called Strike
1-2: Foul Ball, location: 2F
1-2: Ball
2-2: Foul Ball, location: 2F
2-2: Strikes out swinging
Batting: RHB Mike Henshaw 0-0: Called Strike
0-1: Ball
1-1: Ball
2-1: Swinging Strike
2-2: Ball
3-2: Strikes out looking
Top of the 2nd over - 0 run(s), 0 hit(s), 0 error(s), 0 left on base; Montana 0 - Portland 0
BOTTOM OF THE 2ND
Portland Evergreens batting - Pitching for Montana Pandas : RHP Tyler Carter
Batting: LHB John Ennis 0-0: Ball
1-0: Called Strike
1-1: Foul Ball, location: 2F
1-2: Foul Ball, location: 2F
1-2: Foul Ball, location: 2F
1-2: Foul Ball, location: 2F
1-2: Ball
2-2: Ball
3-2: Base on Balls
Batting: LHB Adrián Gómez 0-0: Ball
1-0: Called Strike
1-1: Foul Ball, location: 2F
1-2: Strikes out looking
Batting: LHB Charles Mathes 0-0: Foul Ball, location: 2F
0-1: Called Strike
John Ennis steals 2nd base
0-2: Ball
1-2: Strikes out looking
Batting: RHB Ty Struck 0-0: SINGLE (Line Drive, 78M)
John Ennis to third
Runner from 3rd tries for Home, SAFE, no throw
Batting: RHB Bubba Blevins 0-0: Called Strike
0-1: Swinging Strike
0-2: Ball
1-2: Foul Ball, location: 2F
1-2: Ground out 5-3 (Groundball, 56S)
Bottom of the 2nd over - 1 run(s), 1 hit(s), 0 error(s), 1 left on base; Montana 0 - Portland 1
TOP OF THE 3RD
Montana Pandas batting - Pitching for Portland Evergreens : RHP Leroy Picot
Batting: RHB Ronnie Tushinghem 0-0: Ball
1-0: Swinging Strike
1-1: Ball
2-1: Swinging Strike
2-2: Ground out 5-3 (Groundball, 5)
Batting: RHB Elder Sarrano 0-0: Fly out, F6 (Popup, 6)
Batting: RHB José García 0-0: Ball
1-0: Ball
2-0: Fly out, F4 (Line Drive, 4)
Top of the 3rd over - 0 run(s), 0 hit(s), 0 error(s), 0 left on base; Montana 0 - Portland 1
BOTTOM OF THE 3RD
Portland Evergreens batting - Pitching for Montana Pandas : RHP Tyler Carter
Batting: LHB Arturo Acevedo 0-0: Ball
1-0: Ball
2-0: Called Strike
2-1: Ball
3-1: Base on Balls
Batting: RHB Silvio Bonauiti 0-0: Ball
1-0: Foul Ball, location: 2F
1-1: Foul Ball, location: 2F
1-2: Fielders Choice at 2nd, 3-6 (Groundball, 34)
Batting: LHB Clay Rush 0-0: Ball
1-0: Foul Ball, location: 2F
1-1: Fly out, F9 (Flyball, 9S)
Batting: LHB Chris Payling 0-0: Ball
Silvio Bonauiti is caught stealing 2nd base
Bottom of the 3rd over - 0 run(s), 0 hit(s), 0 error(s), 0 left on base; Montana 0 - Portland 1
TOP OF THE 4TH
Montana Pandas batting - Pitching for Portland Evergreens : RHP Leroy Picot
Batting: RHB Arturo Mateo 0-0: Ball
1-0: SINGLE (Groundball, 6MD)
Batting: RHB He-ping Zhong 0-0: Ball
Arturo Mateo steals 2nd base
1-0: Fly out, F7 (Line Drive, 7)
Batting: SHB Jake Richardson 0-0: Called Strike
Arturo Mateo steals 3rd base
0-1: Ball
1-1: Ball
2-1: Swinging Strike
2-2: Strikes out swinging
Batting: RHB Pancho Salaedo 0-0: Called Strike
0-1: Ball
1-1: Ball
2-1: Swinging Strike
2-2: Fly out, F9 (Flyball, 9LSF)
Top of the 4th over - 0 run(s), 1 hit(s), 0 error(s), 1 left on base; Montana 0 - Portland 1
BOTTOM OF THE 4TH
Portland Evergreens batting - Pitching for Montana Pandas : RHP Tyler Carter
Batting: LHB Chris Payling 0-0: Fly out, F7 (Flyball, 78M)
Batting: LHB John Ennis 0-0: Called Strike
0-1: Ball
1-1: SINGLE (Flyball, 9LS)
Batting: LHB Adrián Gómez 0-0: Ball
1-0: DOUBLE (Line Drive, 9D)
John Ennis to third
Runner from 3rd tries for Home, SAFE, no throw
Batting: LHB Charles Mathes 0-0: Foul Ball, location: 2F
0-1: Ball
1-1: Swinging Strike
1-2: Ball
2-2: SINGLE (Flyball, 78S)
Adrián Gómez to third
Batting: RHB Ty Struck 0-0: Called Strike
0-1: Called Strike
0-2: Ball
1-2: Ball
2-2: Ball
3-2: Base on Balls
Charles Mathes to second
Batting: RHB Bubba Blevins 0-0: Called Strike
0-1: Ball
1-1: SINGLE (Line Drive, 56)
Adrián Gómez scores
Charles Mathes to third
Ty Struck to second
Batting: LHB Arturo Acevedo 0-0: Ball
1-0: Called Strike
1-1: Ball
2-1: Ball
3-1: Grounds into double play, 4-6-3 (Groundball, 4)
Bottom of the 4th over - 2 run(s), 4 hit(s), 0 error(s), 2 left on base; Montana 0 - Portland 3
TOP OF THE 5TH
Montana Pandas batting - Pitching for Portland Evergreens : RHP Leroy Picot
Batting: RHB Jesús Vásquez 0-0: Ball
1-0: Foul Ball, location: 2F
1-1: Swinging Strike
1-2: Strikes out swinging
Batting: RHB Mike Henshaw 0-0: Called Strike
0-1: Called Strike
0-2: Ball
1-2: Ground out 6-3 (Groundball, 6)
Batting: RHB Ronnie Tushinghem 0-0: Called Strike
0-1: Foul Ball, location: 2F
0-2: Ball
1-2: Foul Ball, location: 2F
1-2: Strikes out swinging
Top of the 5th over - 0 run(s), 0 hit(s), 0 error(s), 0 left on base; Montana 0 - Portland 3
BOTTOM OF THE 5TH
Portland Evergreens batting - Pitching for Montana Pandas : RHP Tyler Carter
Batting: RHB Silvio Bonauiti 0-0: Fly out, F7 (Flyball, 7D)
Batting: LHB Clay Rush 0-0: Ball
1-0: Foul Ball, location: 2F
1-1: Ball
2-1: Ball
3-1: Foul Ball, location: 2F
3-2: Base on Balls
Batting: LHB Chris Payling 0-0: Called Strike
0-1: Called Strike
0-2: Grounds into double play, 6-4-3 (Groundball, 56)
Bottom of the 5th over - 0 run(s), 0 hit(s), 0 error(s), 0 left on base; Montana 0 - Portland 3
TOP OF THE 6TH
Montana Pandas batting - Pitching for Portland Evergreens : RHP Leroy Picot
Batting: RHB Elder Sarrano 0-0: Ball
1-0: Foul Ball, location: 2F
1-1: Foul Ball, location: 2F
1-2: Strikes out looking
Batting: RHB José García 0-0: Ball
1-0: Fly out, F8 (Line Drive, 8RM)
Batting: RHB Arturo Mateo 0-0: Fly out, F8 (Flyball, 78D)
Top of the 6th over - 0 run(s), 0 hit(s), 0 error(s), 0 left on base; Montana 0 - Portland 3
BOTTOM OF THE 6TH
Portland Evergreens batting - Pitching for Montana Pandas : RHP Tyler Carter
Batting: LHB John Ennis 0-0: Ball
1-0: Ball
2-0: Foul Ball, location: 2F
2-1: SINGLE (Groundball, 56D)
Batting: LHB Adrián Gómez 0-0: Foul Ball, location: 2F
0-1: Ball
1-1: Foul Ball, location: 2F
1-2: Ground out 6-3 (Groundball, 6S)
John Ennis to second
Batting: LHB Charles Mathes 0-0: Ball
1-0: Ball
2-0: Called Strike
2-1: Ball
3-1: Base on Balls
Batting: RHB Ty Struck 0-0: Ball
1-0: Ball
2-0: Foul Ball, location: 2F
2-1: Ball
3-1: Fly out, F9 (Flyball, 9S)
Pitching: RHP Augusto Dávila
Batting: RHB Bubba Blevins 0-0: Called Strike
0-1: Foul Ball, location: 2F
0-2: Foul Ball, location: 2F
0-2: Ball
1-2: Ball
2-2: Ball
3-2: Foul Ball, location: 2F
3-2: Base on Balls
John Ennis to third
Charles Mathes to second
Batting: LHB Arturo Acevedo 0-0: Called Strike
0-1: Swinging Strike
0-2: Ball
1-2: Ball
2-2: Strikes out swinging
Bottom of the 6th over - 0 run(s), 1 hit(s), 0 error(s), 3 left on base; Montana 0 - Portland 3
TOP OF THE 7TH
Montana Pandas batting - Pitching for Portland Evergreens : RHP Leroy Picot
Batting: RHB He-ping Zhong 0-0: Ball
1-0: Ball
2-0: Foul Ball, location: 2F
2-1: Fly out, F4 (Popup, 4S)
Batting: SHB Jake Richardson 0-0: Called Strike
0-1: Ball
1-1: Foul Ball, location: 2F
1-2: Foul Ball, location: 2F
1-2: Ball
2-2: Fly out, F3 (Popup, 3L)
Batting: RHB Pancho Salaedo 0-0: Called Strike
0-1: SINGLE (Groundball, 4MD)
Batting: RHB Jesús Vásquez 0-0: Called Strike
0-1: Ball
1-1: Ground out 6-3 (Groundball, 6S)
Top of the 7th over - 0 run(s), 1 hit(s), 0 error(s), 1 left on base; Montana 0 - Portland 3
BOTTOM OF THE 7TH
Portland Evergreens batting - Pitching for Montana Pandas : RHP Augusto Dávila
Batting: RHB Silvio Bonauiti 0-0: Called Strike
0-1: Swinging Strike
0-2: Ball
1-2: Ball
2-2: Ball
3-2: Ground out 1-3 (Groundball, 13S)
Batting: LHB Clay Rush 0-0: Swinging Strike
0-1: Ball
1-1: Swinging Strike
1-2: Foul Ball, location: 2F
1-2: Foul Ball, location: 2F
1-2: Fly out, F9 (Line Drive, 89M)
Pitching: LHP Carlos Méndez
Batting: LHB Chris Payling 0-0: Foul Ball, location: 2F
0-1: Called Strike
0-2: Ground out 4-3 (Groundball, 4)
Bottom of the 7th over - 0 run(s), 0 hit(s), 0 error(s), 0 left on base; Montana 0 - Portland 3
TOP OF THE 8TH
Montana Pandas batting - Pitching for Portland Evergreens : RHP Leroy Picot
Batting: RHB Mike Henshaw 0-0: Ball
1-0: Fly out, F4 (Popup, 34D)
Batting: RHB Ronnie Tushinghem 0-0: Ball
1-0: Ball
2-0: Called Strike
2-1: Foul Ball, location: 2F
2-2: Strikes out swinging
Batting: RHB Elder Sarrano 0-0: Ball
1-0: Called Strike
1-1: Ball
2-1: Foul Ball, location: 2F
2-2: Ball
3-2: Strikes out swinging
Top of the 8th over - 0 run(s), 0 hit(s), 0 error(s), 0 left on base; Montana 0 - Portland 3
BOTTOM OF THE 8TH
Portland Evergreens batting - Pitching for Montana Pandas : LHP Carlos Méndez
Batting: LHB John Ennis 0-0: Swinging Strike
0-1: Fly out, F7 (Line Drive, 78M)
Batting: LHB Adrián Gómez 0-0: Fly out, F2 (Popup, 2L)
Batting: LHB Charles Mathes 0-0: Swinging Strike
0-1: Foul Ball, location: 2F
0-2: Ball
1-2: Strikes out swinging
Bottom of the 8th over - 0 run(s), 0 hit(s), 0 error(s), 0 left on base; Montana 0 - Portland 3
TOP OF THE 9TH
Montana Pandas batting - Pitching for Portland Evergreens : RHP Leroy Picot
Batting: RHB José García 0-0: Called Strike
0-1: Ball
1-1: Ball
2-1: Ground out 5-3 (Groundball, 56S)
Pitching: RHP Ricardo Gómez
Batting: RHB Arturo Mateo 0-0: Ground out 6-3 (Groundball, 56)
Batting: RHB He-ping Zhong 0-0: Swinging Strike
0-1: Ball
1-1: Ground out 4-3 (Groundball, 4)
Top of the 9th over - 0 run(s), 0 hit(s), 0 error(s), 0 left on base; Montana 0 - Portland 3
Monday, August 21st, 2017 - OOTP Baseball 17.12 Build 75